AoeStats
← Pattoxichead

Arena

504964112Analyzed
4v4 RM · 23d ago on Sep 7, 2026· 46m 7s· 8 players
Game mode
Random Map
Map size
Large (8 player)
Population
200
Speed
Normal
Resources
Standard
Victory
Conquest
Starting age
Dark Age
Ending age
Imperial Age
RankedLock teamsTeams togetherTeam positionsShared explorationLock speedFull tech treeHidden civsTurbo modeCheats
Victory
Defeat
🇨🇳 Romans · China
1122
+15
🇹🇷 Ethiopians · Türkiye
1095
+16
🇨🇳 Franks · China
1090
+16
🇭🇰 Khmer · Hong Kong SAR China
1083
+17
🇦🇷 Turks · Argentina
1153
-18
🇫🇷 Hindustanis · France
1146
-18
🇹🇷 Dravidians · Türkiye
1102
-16
🇺🇸 Vikings · United States
1000
-38
坐龙椅穿龙袍
10:26 Feudal Age
12:03 Wheelbarrow
15:05 Castle Age
13:16 Double-Bit Axe
16:49 Bow Saw
21:10 Scale Barding Armor
22:09 Forging
22:17 Gold Mining
23:21 Chain Barding Armor
23:06 Husbandry
24:44 Iron Casting
25:24 Hand Cart
27:24 Gold Shaft Mining
26:39 Stone Mining
27:46 Scale Mail Armor
27:09 Pikeman
27:49 Squires
31:30 Chain Mail Armor
33:48 Imperial Age
31:42 Ballistics
31:35 Fortified Wall
31:37 Masonry
32:00 Fletching
35:07 Plate Barding Armor
33:56 Cavalier
34:27 Loom
35:49 Conscription
37:31 Blast Furnace
39:30 Blast Furnace
38:53 Town Watch
40:55 Paladin
IceFish
1:50 Loom
10:37 Feudal Age
11:09 Double-Bit Axe
16:32 Castle Age
14:32 Horse Collar
17:55 Heavy Plow
18:07 Bow Saw
19:55 Redemption
28:02 Fortified Wall
29:37 Scale Mail Armor
43:08 Wheelbarrow
43:40 Murder Holes
15634125
12:08 Feudal Age
15:36 Castle Age
13:42 Double-Bit Axe
13:41 Horse Collar
18:29 Wheelbarrow
27:53 Imperial Age
25:11 Loom
26:12 Bow Saw
28:59 Hand Cart
29:18 Bloodlines
28:29 Light Cavalry
30:04 Padded Archer Armor
29:57 Fletching
30:19 Forging
30:15 Scale Barding Armor
30:39 Gold Mining
30:40 Stone Mining
30:13 Elite Ballista Elephant
30:29 Hussar
31:12 Bodkin Arrow
31:34 Leather Archer Armor
31:55 Iron Casting
31:28 Caravan
31:57 Heavy Plow
32:25 Town Watch
33:20 Tusk Swords
33:42 Conscription
33:28 Bracer
33:50 Chain Barding Armor
34:12 Husbandry
39:46 Chemistry
39:47 Ring Archer Armor
39:56 Plate Barding Armor
39:57 Ring Archer Armor
40:56 Hoardings
44:12 Crop Rotation
44:19 Gold Shaft Mining
44:20 Stone Shaft Mining
44:29 Elite Battle Elephant
jetthro
11:35 Feudal Age
15:40 Castle Age
13:45 Double-Bit Axe
15:44 Wheelbarrow
15:30 Horse Collar
17:00 Bow Saw
20:40 Loom
22:00 Heavy Plow
24:09 Gold Mining
27:47 Imperial Age
25:04 Town Watch
26:42 Squires
26:59 Forging
26:50 Scale Mail Armor
28:58 Conscription
28:12 Halberdier
29:37 Chain Mail Armor
29:57 Iron Casting
30:17 Gold Shaft Mining
31:43 Plate Mail Armor
31:48 Iron Casting
32:48 Iron Casting
33:52 Two-Man Saw
36:46 Man-at-Arms
38:43 Hand Cart
38:29 Town Patrol
40:05 Crossbowman
40:50 Thumb Ring
40:43 Fletching
40:53 Padded Archer Armor
40:47 Arbalester
43:16 Bodkin Arrow
44:40 Leather Archer Armor
44:26 Bracer
Pattoxichead
18:18 Feudal Age
27:03 Man-at-Arms
RICH FARMER
12:04 Feudal Age
12:58 Double-Bit Axe
15:44 Castle Age
14:05 Horse Collar
17:11 Bow Saw
18:04 Loom
22:55 Wheelbarrow
26:51 Scale Barding Armor
28:18 Hand Cart
28:45 Town Watch
32:34 Imperial Age
32:05 Chain Barding Armor
32:51 Forging
32:43 Husbandry
32:51 Medical Corps
33:45 Wootz Steel
34:05 Wootz Steel
35:18 Scale Mail Armor
35:10 Man-at-Arms
36:28 Iron Casting
35:51 Long Swordsman
36:34 Squires
36:21 Elite Urumi Swordsman
37:22 Conscription
38:30 Chain Mail Armor
37:39 Two-Handed Swordsman
38:08 Gambesons
39:57 Plate Mail Armor
39:47 Champion
43:35 Blast Furnace
43:28 Heavy Plow
44:40 Town Patrol
CAT1913
12:57 Feudal Age
16:36 Castle Age
14:31 Double-Bit Axe
21:25 Imperial Age
23:24 Loom
29:08 Padded Archer Armor
31:02 Leather Archer Armor
32:25 Horse Collar
40:18 Ring Archer Armor
42:34 Wheelbarrow
42:00 Heavy Plow
42:11 Bow Saw
44:02 Two-Man Saw
44:12 Ballistics
44:15 Bombard Tower
44:16 Ballistics
44:43 Hand Cart
toul35
10:15 Feudal Age
11:16 Loom
13:22 Loom
15:59 Castle Age
14:16 Double-Bit Axe
16:00 Horse Collar
22:17 Bloodlines
23:52 Forging
25:24 Wheelbarrow
27:26 Husbandry
27:43 Town Watch
28:48 Iron Casting
29:24 Hand Cart
30:02 Scale Barding Armor
31:39 Chain Barding Armor
35:55 Imperial Age
34:51 Scale Mail Armor
34:54 Squires
37:03 Conscription
37:57 Chain Mail Armor
39:53 Blast Furnace
38:43 Heavy Camel Rider
39:51 Elite Ghulam
42:11 Plate Barding Armor
Connection lost

Rejoining the realm…

Still unreachable

The connection could not be restored.

Session expired

The server has moved on; the page needs a fresh start.